 Dungeon Sprint DCSS version 0.18.1-50-g88ac8fd (webtiles) character file.

13000000 negitausen the Axe Maniac (level 27, -37/246 (249) HPs)
             Began as a Demonspawn Gladiator on Sept 17, 2016.
             Was the Champion of Makhleb.
             Killed from afar by a large bag of meat (51 damage)
             ... with an exploding inner flame
             ... in the Dungeon (Sprint VIII: "Arena of Blood").
             The game lasted 00:18:15 (130 turns).

negitausen the Axe Maniac (Demonspawn Gladiator)     Turns: 130, Time: 00:18:16

HP:   -37/246 (249) AC: 12    Str: 25    XL:     27
MP:   44/54         EV: 32    Int: 10    God:    Makhleb [******]
Gold: 0             SH:  0    Dex: 17    Spells: 0 memorised, 80 levels left

rFire  . . .     SeeInvis .     l - +∞ Axe of Woe
rCold  . . .     Gourm    .     b - +0 leather armour
rNeg   . . .     Faith    .     (shield currently unavailable)
rPois  .         Spirit   .     c - +0 helmet
rElec  .         Dismiss  .     (no cloak)
rCorr  +         Reflect  .     (gloves unavailable)
SustAt .         Harm     .     (no boots)
MR     ++...     NoTele   +     (no amulet)
Stlth  +++++++++.               o - +250 ring of slaying
                                m - +30 ring of slaying

@: lethally poisoned (-37 -> -37), slowed, very slow, very resistant to hostile
enchantments, incredibly stealthy
A: claws 3, yellow scales 3, powered by death 3, spiny 3, augmentation 3
a: Minor Destruction, Lesser Servant of Makhleb, Major Destruction, Greater
Servant of Makhleb, Renounce Religion


You were in the Dungeon.
You worshipped Makhleb.
Makhleb was exalted by your worship.
You were not hungry.

You visited 1 branch

Inventory:

Hand Weapons
 a - a +0 war axe
 l - the +∞ Axe of Woe (weapon)
   (You found it in the Dungeon)
Missiles
 d - 3 throwing nets (quivered)
Armour
 b - a +0 leather armour (worn)
 c - a +0 helmet (worn)
Jewellery
 m - a +30 ring of slaying (left claw)
 n - a +30 ring of slaying
 o - a +250 ring of slaying (right claw)
Scrolls
 k - a scroll of blinking
Potions
 e - a potion of curing
 g - a potion of heal wounds
 h - a potion of haste
 i - 2 potions of magic
 j - a potion of berserk rage
Comestibles
 f - a bread ration


   Skills:
 O Level 27 Fighting
 O Level 27 Axes
 O Level 27 Throwing
 O Level 27 Armour
 O Level 27 Dodging
 O Level 27 Stealth
 O Level 27 Unarmed Combat
 O Level 27 Spellcasting
 O Level 27 Invocations


You had 80 spell levels left.
You didn't know any spells.

Dungeon Overview and Level Annotations

Branches:
Dungeon (1/1)

Altars:
Makhleb


Innate Abilities, Weirdness & Mutations

You have claws for hands.
You are completely covered in yellow scales (AC +4, rCorr).
You regenerate a lot of health from kills.
You are completely covered in sharp spines.
Your magical and physical power is greatly enhanced at high health.


Message History

You feel something staring at you. Something smites you!
* * * LOW HITPOINT WARNING * * *
You hear a shout! x3
You slice the large bag of meat!!
You hew the large bag of meat savagely.
The large bag of meat explodes!
The fiery explosion engulfs you!
* * * LOW HITPOINT WARNING * * *
The fiery explosion engulfs the scourge.
The fiery explosion engulfs the fleshlord.
The fleshlord completely resists.
The fiery explosion engulfs the large bag of meat.
The large bag of meat explodes!
The fiery explosion engulfs the fleshlord.
The fleshlord completely resists.
The fiery explosion engulfs the bag of meat.
The bag of meat dies!
The fiery explosion engulfs the bag of meat.
The fiery explosion engulfs you!
You die...

... ........... ..%.
......... ...%..
#.%.....# .%.#...
#.......#
#..%...###.%.. ..###.
..........%))###......
.....#...SSD.._...%...
...#..%.S§§#)....#....
#..%.oo§p§@#_.<._# .
...#.%.§§§§#.O..%#.
...%.#))§§§§%._.....
.....%))).)).###......
......p)###{......###.
....%.... #L......#
......%...#.%.....#
.#.............%...
#.#.#............%.


You could see a tyrant, an eight-headed meat hydra, 3 scourges, 2 fleshlords and
2 bags of meat.

Vanquished Creatures
  A hell knight (D)
  8 hell beasts (D)
  8 greater mummies (D)
  6 great orbs of eyes (D)
  5 wraiths (D)
  Harold (D)
  19 vampire knights (D)
  35 ogres (D)
  6 liches (D)
  2 hydras (D)
  59 orcs (D)
  3 phantoms (D)
  9 hill giants (D)
  5 skeletal warriors (D)
  3 sea snakes (D)
  3 large abominations (D)
  6 small abominations (D)
  10 crawling corpses (D)
189 creatures vanquished.

Vanquished Creatures (others)
  An orc (D)
  5 crawling corpses (D)
6 creatures vanquished.

Grand Total: 195 creatures vanquished

Notes
Turn   | Place    | Note
--------------------------------------------------------------
     0 | D        | negitausen the Demonspawn Gladiator began the quest for the Orb.
     0 | D        | Reached XP level 1. HP: 16/16 MP: 1/1
     3 | D        | Noticed a bag of meat
     4 | D        | Noticed a bag of meat
     4 | D        | Became a worshipper of Makhleb the Destroyer
     6 | D        | Noticed a bag of meat
     7 | D        | Noticed a bag of meat
     8 | D        | Noticed a bag of meat
     8 | D        | Killed a bag of meat
     8 | D        | Reached skill level 10 in Fighting
     8 | D        | Gained mutation: You are partially covered in sharp spines. [demonic ancestry]
     8 | D        | Reached XP level 2. HP: 36/36 MP: 2/2
     8 | D        | Gained mutation: You have sharp fingernails. [demonic ancestry]
     8 | D        | Reached XP level 3. HP: 42/42 MP: 3/3
     8 | D        | Reached XP level 4. HP: 48/48 MP: 4/4
     8 | D        | Reached XP level 5. HP: 54/54 MP: 5/5
     8 | D        | Reached XP level 6. HP: 61/61 MP: 6/6
     8 | D        | Gained mutation: You regenerate a little health from kills. [demonic ancestry]
     8 | D        | Reached XP level 7. HP: 67/67 MP: 7/7
     8 | D        | Reached XP level 8. HP: 73/73 MP: 8/8
     8 | D        | Gained mutation: You are mostly covered in sharp spines. [demonic ancestry]
     8 | D        | Reached XP level 9. HP: 79/79 MP: 9/9
     8 | D        | Gained mutation: You are partially covered in yellow scales (AC +2). [demonic ancestry]
     8 | D        | Reached XP level 10. HP: 86/86 MP: 10/10
     8 | D        | Reached XP level 11. HP: 92/92 MP: 11/11
     9 | D        | Noticed a bag of meat
     9 | D        | Noticed a meat berserker
    10 | D        | Killed a bag of meat
    10 | D        | Reached * piety under Makhleb
    10 | D        | Reached skill level 10 in Throwing
    10 | D        | Reached XP level 12. HP: 57/102 MP: 12/12
    11 | D        | Noticed a meat berserker
    11 | D        | Killed a bag of meat
    11 | D        | Reached XP level 13. HP: 62/109 MP: 13/13
    12 | D        | Killed a meat berserker
    12 | D        | Reached ** piety under Makhleb
    12 | D        | Reached XP level 14. HP: 121/121 MP: 14/14
    13 | D        | Noticed a bag of meat
    13 | D        | Killed a bag of meat
    13 | D        | Reached skill level 15 in Fighting
    13 | D        | Gained mutation: You have very sharp fingernails. [demonic ancestry]
    13 | D        | Reached XP level 15. HP: 129/129 MP: 15/15
    13 | D        | Reached *** piety under Makhleb
    15 | D        | Noticed a meat berserker
    15 | D        | Killed a meat berserker
    15 | D        | Reached skill level 27 in Axes
    15 | D        | Reached skill level 15 in Throwing
    15 | D        | Gained mutation: You are completely covered in sharp spines. [demonic ancestry]
    15 | D        | Reached XP level 16. HP: 143/143 MP: 16/16
    16 | D        | Noticed a meat berserker
    18 | D        | Noticed a meat berserker
    19 | D        | Noticed a meat berserker
    19 | D        | Killed a meat berserker
    19 | D        | Reached **** piety under Makhleb
    19 | D        | Reached skill level 27 in Dodging
    19 | D        | Gained mutation: You have claws for hands. [demonic ancestry]
    19 | D        | Reached XP level 17. HP: 160/160 MP: 17/17
    21 | D        | Noticed a meat berserker
    21 | D        | Noticed a large bag of meat
    22 | D        | Noticed a meat berserker
    22 | D        | Noticed a meat berserker
    22 | D        | Killed a meat berserker
    23 | D        | Killed a meat berserker
    23 | D        | Reached ***** piety under Makhleb
    23 | D        | Reached skill level 27 in Fighting
    23 | D        | Reached skill level 27 in Throwing
    23 | D        | Reached XP level 18. HP: 182/182 MP: 18/18
    24 | D        | Noticed a large bag of meat
    24 | D        | Noticed a meat berserker
    25 | D        | Killed a large bag of meat
    25 | D        | Reached skill level 5 in Armour
    25 | D        | Reached skill level 5 in Unarmed Combat
    25 | D        | Reached skill level 5 in Spellcasting
    26 | D        | Killed a meat berserker
    26 | D        | Reached skill level 10 in Armour
    26 | D        | Reached skill level 10 in Unarmed Combat
    26 | D        | Reached skill level 10 in Spellcasting
    26 | D        | Killed a large bag of meat
    26 | D        | Reached skill level 15 in Invocations
    26 | D        | Reached XP level 19. HP: 189/189 MP: 18/34
    26 | D        | Killed a meat berserker
    27 | D        | Noticed a large bag of meat
    27 | D        | Killed a meat berserker
    27 | D        | Reached ****** piety under Makhleb
    27 | D        | Reached skill level 15 in Armour
    27 | D        | Reached skill level 15 in Unarmed Combat
    27 | D        | Reached skill level 15 in Spellcasting
    29 | D        | Noticed a meat berserker
    30 | D        | Noticed a meat berserker
    30 | D        | Noticed The Servant
    30 | D        | Killed The Servant
    30 | D        | Reached skill level 27 in Invocations
    30 | D        | Gained mutation: Your magical and physical power is slightly enhanced at high health. [demonic ancestry]
    30 | D        | Reached XP level 20. HP: 197/197 MP: 19/39
    31 | D        | Noticed a destroyer
    31 | D        | Killed a meat berserker
    31 | D        | Gained mutation: Your magical and physical power is enhanced at high health. [demonic ancestry]
    31 | D        | Reached XP level 21. HP: 204/204 MP: 19/44
    33 | D        | Gained mutation: You are mostly covered in yellow scales (AC +3). [demonic ancestry]
    33 | D        | Reached XP level 22. HP: 212/212 MP: 19/49
    34 | D        | Reached skill level 27 in Stealth
    35 | D        | Reached skill level 27 in Armour
    35 | D        | Reached skill level 27 in Unarmed Combat
    35 | D        | Reached skill level 27 in Spellcasting
    36 | D        | Noticed a destroyer
    36 | D        | Reached XP level 23. HP: 219/219 MP: 20/54
    37 | D        | Noticed a destroyer
    38 | D        | Noticed a destroyer
    40 | D        | Killed a destroyer
    40 | D        | Gained mutation: You regenerate health from kills. [demonic ancestry]
    40 | D        | Reached XP level 24. HP: 227/227 MP: 21/54
    42 | D        | Noticed a destroyer
    43 | D        | Noticed a destroyer
    43 | D        | Noticed a destroyer
    44 | D        | Killed a destroyer
    45 | D        | Killed a destroyer
    45 | D        | Gained mutation: You regenerate a lot of health from kills. [demonic ancestry]
    45 | D        | Reached XP level 25. HP: 234/234 MP: 22/54
    46 | D        | Noticed a destroyer
    46 | D        | Killed a destroyer
    46 | D        | Gained mutation: Your magical and physical power is greatly enhanced at high health. [demonic ancestry]
    46 | D        | Reached XP level 26. HP: 242/242 MP: 22/54
    47 | D        | Killed a destroyer
    48 | D        | Noticed a tyrant
    49 | D        | Noticed an accursed
    49 | D        | Killed a destroyer
    50 | D        | Killed a destroyer
    50 | D        | Gained mutation: You are completely covered in yellow scales (AC +4, rCorr). [demonic ancestry]
    50 | D        | Reached XP level 27. HP: 249/249 MP: 23/54
    52 | D        | Noticed an accursed
    52 | D        | Noticed a destroyer
    52 | D        | Noticed an accursed
    54 | D        | Noticed a destroyer
    54 | D        | Killed a destroyer
    55 | D        | Noticed an accursed
    55 | D        | Noticed an accursed
    56 | D        | Noticed an accursed
    56 | D        | Noticed a destroyer
    56 | D        | Killed a tyrant
    58 | D        | Noticed a destroyer
    58 | D        | Noticed a tyrant
    58 | D        | Noticed a destroyer
    60 | D        | Killed a destroyer
    62 | D        | Killed an accursed
    62 | D        | Killed a destroyer
    63 | D        | Noticed a destroyer
    65 | D        | Killed an accursed
    65 | D        | Killed an accursed
    65 | D        | Killed a destroyer
    66 | D        | Killed an accursed
    67 | D        | Killed a destroyer
    67 | D        | Killed a tyrant
    68 | D        | Killed a destroyer
    68 | D        | Killed an accursed
    69 | D        | Noticed a meat beast
    70 | D        | Noticed a destroyer
    71 | D        | Noticed a dread
    72 | D        | Noticed a tyrant
    72 | D        | Noticed a destroyer
    72 | D        | Noticed a tyrant
    73 | D        | Killed a meat beast
    74 | D        | Noticed a dread
    75 | D        | Killed a dread
    76 | D        | Killed a destroyer
    76 | D        | Killed a destroyer
    77 | D        | Noticed a meat beast
    77 | D        | Noticed a tyrant
    78 | D        | Noticed a dread
    78 | D        | Killed a destroyer
    78 | D        | Killed a dread
    79 | D        | Noticed a meat beast
    80 | D        | Killed a tyrant
    81 | D        | Killed a meat beast
    82 | D        | Noticed a destroyer
    82 | D        | Killed an accursed
    83 | D        | Noticed a destroyer
    83 | D        | Killed a meat beast
    85 | D        | Killed a destroyer
    87 | D        | Killed a destroyer
    88 | D        | Killed a tyrant
    89 | D        | Noticed a meat beast
    91 | D        | Killed a tyrant
    93 | D        | Killed a dread
    93 | D        | Killed a meat beast
    96 | D        | Noticed a meat beast
    99 | D        | Killed a meat beast
   100 | D        | Noticed an accursed
   101 | D        | Noticed a destroyer
   104 | D        | Killed a destroyer
   106 | D        | Noticed a meat beast
   107 | D        | Noticed a tyrant
   107 | D        | Noticed an accursed
   109 | D        | Noticed a meat beast
   111 | D        | Killed a meat beast
   112 | D        | Killed an accursed
   115 | D        | Noticed a dread
   119 | D        | Killed a tyrant
   120 | D        | Noticed a meat beast
   120 | D        | Noticed a dread
   120 | D        | Killed a dread
   121 | D        | Killed a meat beast
   123 | D        | Noticed a fleshlord
   124 | D        | Killed a meat beast
   126 | D        | Noticed a fleshlord
   126 | D        | Noticed a fleshlord
   126 | D        | Killed a fleshlord
   127 | D        | Killed an accursed
   127 | D        | Noticed a tyrant
   128 | D        | Killed a dread
   130 | D        | Killed from afar by a large bag of meat

Skill      XL: |  1  2  3  4  5  6  7  8  9 10 11 12 13 14 15 16 17 18 19 20 21 22 |
---------------+-------------------------------------------------------------------+-----
Fighting       | 10 11 12 14 15 18 22 27 | 27.0
Axes           | 16 19 20 23 24 27 | 27.0
Throwing       | 9 10 11 12 13 15 19 27 | 27.0
Dodging        | 16 18 20 22 23 26 27 | 27.0
Armour         | 11 15 19 23 27 | 27.0
Stealth        | 12 16 20 25 27 | 27.0
Unarmed Combat | 11 15 19 23 27 | 27.0
Spellcasting   | 11 15 19 23 27 | 27.0
Invocations    | 15 27 | 27.0

Action                   |  1- 3 |  4- 6 |  7- 9 | 10-12 | 13-15 | 16-18 | 19-21 | 22-24 | 25-27 || total
-------------------------+-------+-------+-------+-------+-------+-------+-------+-------+-------++-------
Melee: Executioner's axe |     1 |       |       |     2 |     3 |     5 |     5 |    11 |    63 ||    90
Invok: Greater Servant o |       |       |       |       |       |       |     1 |       |       ||     1
       Major Destruction |       |       |       |       |       |       |       |     1 |       ||     1
Armor: Leather armour    |       |       |       |       |       |       |       |       |     4 ||     4
Dodge: Dodged            |       |       |       |       |       |       |       |       |    17 ||    17
